 Dungeon Crawl Stone Soup version 0.32-a0-732-ga344392067 (webtiles) character file.

Game seed: 11358322656339257969

764 jasper the Grappler (level 7, -5/48 HPs)
             Began as a Demonspawn Shapeshifter on Mar 16, 2024.
             Was a Priest of Wu Jian.
             Slain by an iguana (13 damage)
             ... on level 5 of the Dungeon.
             The game lasted 00:06:35 (3696 turns).

jasper the Grappler (Demonspawn Shapeshifter)       Turns: 3696, Time: 00:06:36

Health: -5/48      AC:  5    Str: 16    XL:     7   Next: 51%
Magic:  7/7        EV: 10    Int: 11    God:    Wu Jian [***...]
Gold:   281        SH:  0    Dex: 16    Spells: 6/6 levels left

rFire   . .          .
                       - Unarmed
rCold   . . .        (no shield)
rNeg    . . .        q - +0 ring mail
rPois   .            (helmet currently unavailable)
rElec   .            (cloak currently unavailable)
rCorr   .            (gloves currently unavailable)
SInv    .            (boots currently unavailable)
Will    +....        (no amulet)
Stlth   +++          u - ring of willpower
HPRegen 0.28/turn    (no ring)
MPRegen 0.10/turn

%: no passive effects
@: beast-form
A: beast (slay +1), horns 1, thin skeletal structure 2, demonic guardian 1
a: Begin Untransformation, Renounce Religion, Wall Jump, Serpent's Lash


You were on level 5 of the Dungeon.
You worshipped Wu Jian.
Wu Jian was most pleased with you.
You were a hulking beast.
You visited 1 branch of the dungeon, and saw 5 of its levels.

You collected 281 gold pieces.

Inventory:

Hand Weapons
 f - a +0 heavy sling
Missiles
 B - 6 javelins (quivered)
Armour
 a - a +1 animal skin
 o - a +0 cloak
 p - a +0 pair of boots
 q - a +0 ring mail (worn)
 v - the +0 pair of gloves of Resilience {+Blink rN+ Str-3}
   (You found it on level 3 of the Dungeon)

   Str-3:     It affects your strength (-3).
   rN+:       It protects you from negative energy.
   +Blink:    It lets you blink.
Jewellery
 g - a ring of ice
 u - a ring of willpower (left hand)
 z - a ring of fire
Talismans
 c - a beast talisman (active)
 d - a flux talisman
Wands
 A - a wand of charming (10)
 C - a wand of flame (9)
Scrolls
 i - a scroll of amnesia
 k - 3 scrolls of enchant armour
 r - a scroll of blinking
Potions
 b - a potion of lignification
 e - 2 potions of heal wounds
 h - a potion of might
 j - 3 potions of curing
 m - 2 potions of enlightenment
 t - 2 potions of brilliance {unknown}
 x - a potion of ambrosia {unknown}


   Skills:
 - Level 1.0 Fighting
 - Level 1.7 Dodging
 + Level 8.2 Unarmed Combat
 - Level 2.6 Shapeshifting


You had 6 spell levels left.
You didn't know any spells.
Your spell library contained the following spells:

 Spells                   Type           Power      Damage    Failure   Level
 Call Canine Familiar     Summ           0%         N/A       90%         3
 Sigil of Binding         Hex            0%         N/A       90%         3
 Dimensional Bullseye     Hex/Tloc       0%         N/A       100%        4


Dungeon Overview and Level Annotations

Branches:
Dungeon (5/15)             Temple (0/1) D:4

Altars:
Qazlal
Wu Jian


Innate Abilities, Weirdness & Mutations

You are a hulking beast.
Your limbs bulge with bestial killing power. (Slay +1)
You have a pair of small horns on your head.
You have a moderately thin skeletal structure. (Dex +4, Stealth++)
A weak demonic guardian rushes to your aid.


Message History

The liquid fire burns you!
The bombardier beetle bites you but does no damage.
You take 3 damage, and have 40/48 hp.
You shake off some of the fire as you move.
The liquid fire burns you!
You take 4 damage, and have 36/48 hp.
You shake off the liquid fire.
You lunge at the bombardier beetle.
You punch the bombardier beetle!
You kill the bombardier beetle!
The Council accepts your kill.
You see here a bombardier beetle corpse.
B - 6 javelins (gained 1)
l - a scroll of identify Health restored: 48 You see here an iguana corpse.
You see here a bombardier beetle corpse.
A centaur comes into view.
As you read the scroll of identify, it crumbles to dust.
m - 2 potions of enlightenment An iguana comes into view.
The centaur shouts!
The iguana hisses angrily.
The centaur wields a +0 orcbow.
The centaur shoots an arrow.
The arrow hits you.
You take 2 damage, and have 46/48 hp.
The centaur shoots an arrow.
The arrow misses you.
The centaur shoots an arrow.
The arrow hits you!
You take 17 damage, and have 29/48 hp.
MASSIVE DAMAGE!!
You hit the iguana but do no damage.
The centaur shoots an arrow.
The arrow hits you!
A demonic guardian appears!
The iguana bites you!
* * * LOW HITPOINT WARNING * * *
You take 22 damage, and have 7/48 hp.
MASSIVE DAMAGE!!
You spin and attack the iguana repeatedly.
You hit the iguana. You punch the iguana.
The iguana is moderately wounded.
You barely miss the iguana. Your punch misses the iguana.
The iguana is moderately wounded.
The centaur unwields a +0 orcbow.
The centaur closely misses you.
The centaur kicks you but does no damage.
The iguana bites you!
You die...

###.# #... #. .#
##.####.## ###.##.###
#.......# ........#
#.###.####
###.#.#.#.###.# #....#
...#.........###.....
#...#.#.###.....####
##cl....# ##..######
..#..h...#####........
#.....5.....##..######
#........##.##..# ###
#.........###.##..####..
###...#.### #.##.....#.#
##.##.# #.##...#.... #.
#.### #.##......#.
#.##...# #.#####.#...
#....#.# #.# #.##.#


You could see a centaur (ally target), an iguana and a friendly ufetubus
(summoned).

Vanquished Creatures
  Menkaure (D:4)
  An ogre (D:5)
  2 phantoms
  A bombardier beetle (D:5)
  A hound (D:5)
  Crazy Yiuf (D:2)
  An orc priest (D:4)
  Ijyb (D:4)
  2 iguanas (D:5)
  2 orc wizards (D:5)
  5 adders
  A white imp (D:4)
  2 ufetubi (D:4)
  A dart slug (D:1)
  6 ribbon worms
  4 orcs
  8 ball pythons
  5 endoplasms
  3 giant cockroaches
  7 goblins
  3 hobgoblins
  8 jackals
  4 quokkas
  9 bats
  5 frilled lizards
  3 kobolds (D:1)
  9 rats
96 creatures vanquished.

Vanquished Creatures (collateral kills)
  An orc (D:4)
  A kobold (D:2)
2 creatures vanquished.

Grand Total: 98 creatures vanquished

Notes
Turn   | Place    | Note
-------+----------+-------------------------------------------
     0 | D:1      | jasper the Demonspawn Shapeshifter began the quest for the
                  | Orb.
     0 | D:1      | Reached XP level 1. HP: 15/15 MP: 1/1
   128 | D:1      | Found a faded altar of an unknown god.
   135 | D:1      | Reached skill level 3 in Unarmed Combat
   139 | D:1      | Prayed at the altar of an unknown god.
   139 | D:1      | Became a worshipper of the Wu Jian Council
   139 | D:1      | Reached * piety under Wu Jian
   199 | D:1      | Gained mutation: A weak demonic guardian rushes to your
                  | aid. [demonic ancestry]
   199 | D:1      | Reached XP level 2. HP: 20/21 MP: 2/2
   514 | D:1      | Reached ** piety under Wu Jian
   542 | D:1      | Reached XP level 3. HP: 26/26 MP: 3/3
   729 | D:2      | Reached skill level 4 in Unarmed Combat
  1158 | D:2      | Found a runed translucent door.
  1159 | D:2      | Noticed Crazy Yiuf
  1171 | D:2      | Killed Crazy Yiuf
  1172 | D:2      | Gained mutation: You have a somewhat thin skeletal
                  | structure. (Dex +2, Stealth+) [demonic ancestry]
  1172 | D:2      | Reached XP level 4. HP: 31/32 MP: 4/4
  1679 | D:3      | Reached skill level 5 in Unarmed Combat
  1890 | D:3      | Gained mutation: You have a pair of small horns on your
                  | head. [demonic ancestry]
  1890 | D:3      | Reached XP level 5. HP: 35/37 MP: 5/5
  1935 | D:3      | Found a stormy altar of Qazlal.
  1979 | D:3      | Reached *** piety under Wu Jian
  2096 | D:3      | Identified the +0 pair of gloves of Resilience {+Blink rN+
                  | Str-3}
  2521 | D:4      | Found a staircase to the Ecumenical Temple.
  2575 | D:4      | Noticed a phantom
  2586 | D:4      | Killed a phantom
  2587 | D:4      | Reached skill level 6 in Unarmed Combat
  2636 | D:4      | Noticed Menkaure
  2641 | D:4      | Killed Menkaure
  2642 | D:4      | Reached XP level 6. HP: 43/43 MP: 6/6
  2955 | D:4      | Noticed Ijyb
  2963 | D:4      | Killed Ijyb
  3079 | D:5      | Entered Level 5 of the Dungeon
  3163 | D:5      | Reached skill level 7 in Unarmed Combat
  3277 | D:5      | Gained mutation: You have a moderately thin skeletal
                  | structure. (Dex +4, Stealth++) [demonic ancestry]
  3277 | D:5      | Reached XP level 7. HP: 40/48 MP: 7/7
  3517 | D:5      | Reached skill level 8 in Unarmed Combat
  3696 | D:5      | Slain by an iguana

Illustrated notes

Levels and vault maps discovered:
D:1:      roderic_chinese_lattice_arrival, layout_basic,
          ebering_ecumenical_altar_hall, minmay_hexomino_r4
D:2:      minmay_alternating_diamond, layout_loops_ring, uniq_crazy_yiuf_cottage
D:3:      layout_rooms, mainiacjoe_overflow_chevrons
D:4:      layout_rooms, minmay_temple_entry_hall, uniq_menkaure, uniq_ijyb
D:5:      layout_loops_ring, saegor_snake_ambush

Skill      XL: |  1  2  3  4  5  6  7 |
---------------+----------------------+-----
Unarmed Combat | 3 4 5 6 7 8 |  8.2
Fighting       | |  1.0
Dodging        | |  1.7
Shapeshifting  | |  2.6

Action                     |  1- 3 |  4- 6 |  7- 9 || total
---------------------------+-------+-------+-------++-------
  Melee: Unarmed           |   130 |   152 |    25 ||   307
         Punch             |     3 |     8 |     2 ||    13
         Headbutt          |       |    14 |     2 ||    16
  Throw: Javelin           |     1 |     7 |     2 ||    10
Ability: Lunge             |     7 |    16 |     5 ||    28
         Whirlwind         |     5 |     8 |     1 ||    14
  Evoke: Wand              |       |       |     2 ||     2
    Use: Scroll            |     1 |     9 |     2 ||    12
         Potion            |     1 |     2 |       ||     3
   Stab: Sleeping          |       |     4 |     1 ||     5
         Distracted        |       |     1 |       ||     1
 Armour: Animal skin       |    64 |    16 |       ||    80
         Skin              |     6 |    19 |       ||    25
         Ring mail         |       |    73 |    11 ||    84
  Dodge: Dodged            |    56 |    68 |    11 ||   135

Table legend: (Time is in decaauts)
 A = Elapsed time spent in this place.
 B = Non-inter-level travel time spent in this place.
 C = Inter-level travel time spent in this place.
 D = Time resting spent in this place.
 E = Time spent auto-exploring this place.
 F = Levels seen in this place.
 G = Mean time per level.
                   A        B        C        D        E       F      G
               +--------+--------+--------+--------+--------+-----+--------+
         Total |   3694 |   3553 |    141 |    226 |   2521 |   5 |  738.8 |
       Dungeon |   3694 |   3553 |    141 |    226 |   2521 |   5 |  738.8 |
               +--------+--------+--------+--------+--------+-----+--------+

Top non-repeatable levels by time:
     D:2: 997 daAuts
     D:4: 842 daAuts
     D:1: 653 daAuts
     D:5: 629 daAuts
     D:3: 572 daAuts
